 Dungeon Crawl Stone Soup version 0.27-a0-1090-gb115f176c6 (webtiles) character file.

Game seed: 8271494895494316748

1961 Azzok the Geomancer (level 9, -1/51 HPs)
             Began as an Octopode Earth Elementalist on Apr 27, 2021.
             Slain by a vampire mosquito (3 damage)
             ... on level 7 of the Dungeon.
             The game lasted 00:07:37 (8820 turns).

Azzok the Geomancer (Octopode Earth Elementalist)   Turns: 8820, Time: 00:07:38

Health: -1/51      AC:  1    Str:  8    XL:     9   Next: 19%
Magic:  5/18       EV: 13    Int: 20    God:
Gold:   340        SH:  0    Dex: 12    Spells: 16/20 levels left

rFire    . . .     SeeInvis .   n - +2 whip (elec)
rCold    . . .     Faith    .   (no shield)
rNeg     . . .     Spirit   .   (helmet restricted)
rPois    .         Reflect  .   (no amulet)
rElec    .         Harm     .   k - ring of willpower
rCorr    .         Rampage  .   (no ring)
Will     +....                  (no ring)
Stlth    +++.......             (no ring)
HPRegen  0.17/turn              (no ring)
MPRegen  0.16/turn              (no ring)
                                (no ring)
                                (no ring)

@: no status effects
A: almost no armour, amphibious, 8 rings, camouflage 1, gelatinous body 1,
(nimble swimmer 1), tentacles
a: no special abilities


You were on level 7 of the Dungeon.
You visited 2 branches of the dungeon, and saw 8 of its levels.

You collected 340 gold pieces.

Inventory:

Hand Weapons
 n - a +2 whip of electrocution (weapon)
Missiles
 b - 62 stones
Jewellery
 k - a ring of willpower (left tentacle)
 u - an amulet of the acrobat
Wands
 l - a wand of mindburst (11)
 o - a wand of acid (4)
Scrolls
 a - 3 scrolls of noise {unknown}
 e - 3 scrolls of magic mapping {unknown}
 f - 2 scrolls of identify {unknown}
 h - 2 scrolls of fear {unknown}
 j - a scroll of teleportation {unknown}
 m - a scroll of blinking {unknown}
 p - a scroll of amnesia {unknown}
 r - a scroll of fog {unknown}
Potions
 c - a potion of might {unknown}
 d - a potion of brilliance {unknown}
 g - 5 potions of curing {unknown}
 i - a potion of lignification {unknown}
 q - 2 potions of flight {unknown}
 s - a potion of heal wounds {unknown}
 t - a potion of berserk rage {unknown}
 v - 2 potions of invisibility {unknown}
 w - a potion of haste {unknown}


   Skills:
 - Level 2.0 Dodging
 - Level 2.6 Stealth
 + Level 6.1 Spellcasting
 + Level 6.3 Conjurations
 - Level 1.0 Transmutations
 + Level 8.0 Earth Magic


You had 16 spell levels left.
You knew the following spells:

 Your Spells              Type           Power      Damage    Failure   Level
a - Sandblast             Erth           76%        2d16      1%          1
b - Stone Arrow           Conj/Erth      68%        3d11      1%          3

Your spell library contained the following spells:

 Spells                   Type           Power      Damage    Failure   Level
 Magic Dart               Conj           100%       1d8       1%          1
 Searing Ray              Conj           62%        3d5       1%          2
 Passwall                 Tmut/Erth      20%        N/A       2%          2
 Dazzling Flash           Conj/Hex       36%        N/A       9%          3
 Lee's Rapid Deconstruct  Erth           19%        3d12*     11%         5
 Petrify                  Tmut/Erth      24%        N/A       16%         4
 Fulminant Prism          Conj/Hex       9%         3d7       28%         4
 Iskenderun's Mystic Bla  Conj/Tloc      18%        2d6       28%         4


Dungeon Overview and Level Annotations

Branches:
Dungeon (7/15)             Temple (1/1) D:7

Altars:
Ashenzari
Cheibriados
Dithmenos
Elyvilon
Fedhas
Gozag
Hepliaklqana
Kikubaaqudgha
Makhleb
Nemelex Xobeh
Okawaru
Qazlal
Sif Muna
Trog
Uskayaw
Wu Jian
Xom
Yredelemnul
Zin
The Shining One

Shops:
D:2 *   D:7 *

Annotations:
D:5 3 runed translucent doors, PeterLawrence's ghost, novice MiFi


Innate Abilities, Weirdness & Mutations

You cannot wear most types of armour.
You are amphibious.
You can wear up to eight rings at the same time.
Your skin changes colour to match your surroundings (Stealth+).
Your rubbery body absorbs attacks. (AC +1, EV +1)
((You are camouflaged near water. (Stealth+)))
You have tentacles for arms and can constrict up to eight enemies at once.


Message History

Casting: Sandblast (safe; 1% risk of failure)
Confirm with . or Enter, or press ? or * to list all spells.
Aiming: Sandblast (safe; 1% risk of failure)
Press: ? - help, Shift-Dir - straight line, f/p - orc priest
Aim: an orc priest, wielding a +0 dagger and wearing a +0 chain mail (severely wounded, 87% to hit)
The blast of sand hits the vampire mosquito!
The vampire mosquito is moderately damaged.
The vampire mosquito barely misses you. The vampire mosquito misses you.
The orc priest casts a cantrip, but nothing happens.
Casting: Sandblast (safe; 1% risk of failure)
Confirm with . or Enter, or press ? or * to list all spells.
Aiming: Sandblast (safe; 1% risk of failure)
Press: ? - help, Shift-Dir - straight line, f/p - orc priest
Aim: an orc priest, wielding a +0 dagger and wearing a +0 chain mail (severely wounded, 87% to hit)
The blast of sand hits the vampire mosquito!
The vampire mosquito is heavily damaged.
The vampire mosquito bites you.
* * * LOW HITPOINT WARNING * * *
The vampire mosquito draws strength from your injuries!
The vampire mosquito bites you.
* * * LOW HITPOINT WARNING * * *
The vampire mosquito draws strength from your injuries!
Casting: Sandblast (safe; 1% risk of failure)
Confirm with . or Enter, or press ? or * to list all spells.
Aiming: Sandblast (safe; 1% risk of failure)
Press: ? - help, Shift-Dir - straight line, f/p - orc priest
Aim: an orc priest, wielding a +0 dagger and wearing a +0 chain mail (severely wounded, 87% to hit)
The blast of sand hits the vampire mosquito!
The vampire mosquito is almost destroyed.
The vampire mosquito barely misses you. x2
Casting: Sandblast (safe; 1% risk of failure)
Confirm with . or Enter, or press ? or * to list all spells.
Aiming: Sandblast (safe; 1% risk of failure)
Press: ? - help, Shift-Dir - straight line, f/p - orc priest
Aim: an orc priest, wielding a +0 dagger and wearing a +0 chain mail (severely wounded, 87% to hit)
The blast of sand misses the vampire mosquito. x2
The blast of sand hits the orc priest.
The orc priest is almost dead.
The vampire mosquito bites you.
You die...

········▒·▒)········ ▒
▒·▒▒·▒··▒··†▒······· ▒·
▒·▒▒·▒···▒··▒·······
▒·▒▒·▒▒·▒···▒····▒·[···
▒·······▒····▒·········
▒··▒·▒▒▒▒····▒····▒▒···
▒····▒ ▒··············
▒▒·▒·▒▒▒▒·▒··▒·▒▒···▒▒·
▒▒·▒··@yyo·······▒▒[···
▒····▒▒▒▒·▒▒▒······▒▒··
▒▒▒····▒▒ ▒············▒▒
▒·······▒▒▒▒▒▒▒▒·········
▒··············▒▒····▒▒·▒▒
▒········▒·····▒···▒····▒
▒·▒▒·······<·····▒···▒▒▒▒
▒· ▒·············▒···▒▒
▒···········)▒▒▒···▒▒


You could see 2 vampire mosquitoes and an orc priest.

Vanquished Creatures
  A hornet (D:7)
  A vampire mosquito (D:7)
  A water moccasin (D:7)
  An ogre (D:5)
  2 black bears (D:6)
  A bullfrog (D:7)
  4 scorpions
  A wyvern skeleton (D:7)
  4 jellies
  A hound (D:5)
  A gnoll shaman (D:5)
  5 orc priests
  3 centaur skeletons
  2 iguanas
  2 bullfrog skeletons (D:6)
  6 orc wizards
  A hound zombie (D:5)
  A hound skeleton (D:5)
  Robin (D:2)
  3 adders
  7 gnolls
  A howler monkey skeleton (D:3)
  A shadow imp (D:6)
  A white imp (D:5)
  19 orcs
  3 bats (D:1)
  6 endoplasms
  3 giant cockroaches
  14 goblins
  7 hobgoblins
  5 jackals
  4 kobolds
  6 quokkas
  3 ball pythons
  2 ball python zombies (D:3)
  A frilled lizard (D:3)
  A quokka skeleton (D:3)
  3 rats
129 creatures vanquished.

Vanquished Creatures (others)
  3 plants (D:5)
  3 withered plants (D:3)
6 creatures vanquished.

Grand Total: 135 creatures vanquished

Notes
Turn   | Place    | Note
-------+----------+-------------------------------------------
     0 | D:1      | Azzok the Octopode Earth Elementalist began the quest for
                  | the Orb.
     0 | D:1      | Reached XP level 1. HP: 11/11 MP: 3/3
   324 | D:1      | Reached XP level 2. HP: 16/17 MP: 3/5
   562 | D:1      | Found a faded altar of an unknown god.
  1463 | D:2      | Found Lashane's Assorted Antiques.
  1487 | D:2      | Reached skill level 4 in Earth Magic
  1533 | D:2      | Noticed Robin
  1538 | D:2      | Reached XP level 3. HP: 10/21 MP: 2/6
  2457 | D:2      | Killed Robin
  2538 | D:2      | Learned a level 3 spell: Stone Arrow
  2693 | D:3      | Reached XP level 4. HP: 21/27 MP: 4/7
  2773 | D:3      | Reached skill level 1 in Conjurations
  2801 | D:3      | Reached skill level 5 in Earth Magic
  2801 | D:3      | Reached XP level 5. HP: 21/31 MP: 3/8
  3170 | D:3      | Found a broken altar of Ashenzari.
  3459 | D:3      | Found an iron altar of Okawaru.
  3971 | D:4      | Found a burning altar of Makhleb.
  4167 | D:4      | Reached XP level 6. HP: 16/36 MP: 2/10
  4934 | D:5      | Entered Level 5 of the Dungeon
  5128 | D:5      | Reached XP level 7. HP: 20/41 MP: 6/12
  5408 | D:5      | Found a runed translucent gate.
  5408 | D:5      | Found a runed translucent gate.
  5408 | D:5      | Found a runed translucent gate.
  5411 | D:5      | Noticed PeterLawrence's ghost (novice MiFi)
  5464 | D:5      | Found a hazy altar of Hepliaklqana.
  5512 | D:5      | Reached skill level 6 in Earth Magic
  6825 | D:6      | Reached XP level 8. HP: 46/46 MP: 6/14
  7090 | D:6      | Reached skill level 5 in Spellcasting
  7090 | D:6      | Reached skill level 7 in Earth Magic
  7419 | D:6      | Reached skill level 5 in Conjurations
  7837 | D:7      | Found a staircase to the Ecumenical Temple.
  7837 | D:7      | Noticed a hornet
  8323 | D:7      | Killed a hornet
  8326 | Temple   | Entered the Ecumenical Temple
  8668 | D:7      | Reached XP level 9. HP: 33/51 MP: 3/17
  8783 | D:7      | Found Qokuef's Assorted Antiques.
  8792 | D:7      | Reached skill level 8 in Earth Magic
  8818 | D:7      | HP: 2/51 [vampire mosquito (5)]
  8820 | D:7      | Slain by a vampire mosquito

Illustrated notes

Levels and vault maps discovered:
D:1:      wheals_arrival_linesprint, layout_basic,
          chequers_ecumenical_altar_island
D:2:      layout_basic, serial_shops, nicolae_shop_waterfront, uniq_robin
D:3:      layout_basic, ashenzari_conservatory_becter,
          kennysheep_okawaru_gauntlet, serial_undead, serial_undead_c,
          serial_undead_f, serial_undead_e, serial_undead_b
D:4:      layout_cave_pools, general_overflow_altar
D:5:      layout_gridville, lemuel_tele_altar, gammafunk_ghost_nasty_kobolds,
          lemuel_old_faithful
D:6:      layout_basic, gup_sewer_entry_bowl
D:7:      minmay_chambers_of_sixes, layout_loops_ring, minmay_temple_entry_tees,
          serial_shops, shop, hangedman_decor_peaks_small,
          minmay_fractal_squares_gapless_5
Temple:   nicolae_temple_elliptical

Skill      XL: |  1  2  3  4  5  6  7  8  9 |
---------------+----------------------------+-----
Earth Magic    | 4 5 6 7 8 |  8.0
Conjurations   | 1 2 3 4 5 6 |  6.3
Spellcasting   | 3 4 5 6 |  6.1
Dodging        | |  2.0
Stealth        | |  2.6
Transmutations | |  1.0

Action                   |  1- 3 |  4- 6 |  7- 9 || total
-------------------------+-------+-------+-------++-------
Melee: Unarmed           |     2 |     2 |       ||     4
       Tentacles         |     1 |     1 |       ||     2
       Constrict         |       |     1 |       ||     1
       Whip              |       |     3 |       ||     3
 Cast: Sandblast         |    46 |    79 |   113 ||   238
       Stone Arrow       |       |       |    17 ||    17
Armor: Skin              |       |     1 |     3 ||     4
Dodge: Dodged            |    22 |    22 |    43 ||    87

Table legend: (Time is in decaauts)
 A = Elapsed time spent in this place.
 B = Non-inter-level travel time spent in this place.
 C = Inter-level travel time spent in this place.
 D = Time resting spent in this place.
 E = Time spent auto-exploring this place.
 F = Levels seen in this place.
 G = Mean time per level.
                   A        B        C        D        E       F      G
               +--------+--------+--------+--------+--------+-----+--------+
         Total |   8823 |   8505 |    318 |   1787 |   5908 |   8 | 1102.9 |
       Dungeon |   8592 |   8303 |    289 |   1787 |   5707 |   7 | 1227.4 |
        Temple |    230 |    201 |     29 |      0 |    201 |   1 |  230.0 |
               +--------+--------+--------+--------+--------+-----+--------+

Top non-repeatable levels by time:
     D:1: 1658 daAuts
     D:5: 1531 daAuts
     D:6: 1467 daAuts
     D:4: 1354 daAuts
     D:3: 1144 daAuts
     D:2: 921 daAuts
     D:7: 514 daAuts
  Temple: 230 daAuts
